 Dungeon Crawl Stone Soup version 0.30.1-9-gdf580d7c3d (webtiles) character file.

Game seed: 14789864136747314973

70 ringo67 the Chiller (level 4, -1/30 HPs)
             Began as a Vampire Ice Elementalist on Oct 6, 2023.
             Slain by a gnoll
             ... wielding a +0 spear
              (5 damage)
             ... on level 2 of the Dungeon.
             The game lasted 00:03:23 (1868 turns).

ringo67 the Chiller (Vampire Ice Elementalist)      Turns: 1868, Time: 00:03:25

Health: -1/30      AC:  2    Str:  7    XL:     4   Next: 4%
Magic:  2/8        EV: 12    Int: 19    God:
Gold:   96         SH:  0    Dex: 14    Spells: 5/9 levels left

rFire   . . .        g - +0 rapier
rCold   . . .        (no shield)
rNeg    . . .        a - +0 robe
rPois   .            (no helmet)
rElec   .            (no cloak)
rCorr   .            (no gloves)
SInv    +            (no boots)
Will    .....        (no amulet)
Stlth   ++           (no ring)
HPRegen 0.45/turn    (no ring)
MPRegen 0.11/turn

%: no passive effects
@: healing quickly
A: alive, fangs 3, see invisible, vampiric 2
a: Exsanguinate


You were on level 2 of the Dungeon.
You visited 1 branch of the dungeon, and saw 2 of its levels.

You collected 96 gold pieces.

Inventory:

Hand Weapons
 e - a +0 dagger
 g - a +0 rapier (weapon)
Armour
 a - a +0 robe (worn)
Scrolls
 c - 3 scrolls of identify {unknown}
 i - 2 scrolls of fear {unknown}
 j - a scroll of amnesia {unknown}
 k - a scroll of enchant weapon {unknown}
 l - a scroll of vulnerability {unknown}
Potions
 b - a potion of magic
 d - 2 potions of haste
 f - a potion of curing {unknown}
 h - a potion of flight {unknown}
 m - a potion of might {unknown}


   Skills:
 - Level 2.1 Dodging
 - Level 3.0 Stealth
 + Level 3.1 Spellcasting
 + Level 4.9 Ice Magic


You had 5 spell levels left.
You knew the following spells:

 Your Spells              Type           Power      Damage    Failure   Level
a - Freeze                Ice            84%        1d9       1%          1
b - Frozen Ramparts       Ice            42%        1d7       6%          3

Your spell library contained the following spells:

 Spells                   Type           Power      Damage    Failure   Level
 Ozocubu's Armour         Ice            21%        N/A       6%          3
 Lesser Beckoning         Tloc           6%         N/A       22%         2
 Gell's Gravitas          Tloc           3%         N/A       41%         3
 Teleport Other           Tloc           3%         N/A       41%         3
 Summon Ice Beast         Ice/Summ       12%        N/A       50%         4


Dungeon Overview and Level Annotations

Branches:
Dungeon (2/15)

Altars:


Innate Abilities, Weirdness & Mutations

Your natural rate of healing is accelerated.
You have razor-sharp teeth.
You have supernaturally acute eyesight. (SInv)
You are afflicted with vampirism and can become a bat while bloodless.


Message History

The frozen ramparts melt away as you move.
Casting: Frozen Ramparts (quite dangerous; 7% risk of failure)
Confirm with . or Enter, or press ? or * to list all spells.
The spell is quite dangerous to miscast (7% risk of failure)!
Continue anyway?
Casting: Frozen Ramparts (quite dangerous; 7% risk of failure)
Press: ? - help, Dir - look around, f - activate The walls around you are covered in ice.
You hit the gnoll.
The gnoll is heavily wounded.
The wall freezes the gnoll.
The gnoll misses you.
You puncture the gnoll!
You kill the gnoll!
The wall freezes the gnoll.
You closely miss the gnoll.
The gnoll is lightly wounded.
The wall freezes the gnoll.
The gnoll hits you with a +0 flail!
* * * LOW HITPOINT WARNING * * *
You are too injured to fight recklessly!
You hit the gnoll.
The gnoll is severely wounded.
The wall freezes the gnoll.
The gnoll closely misses you.
You hit the gnoll but do no damage.
The gnoll is almost dead.
The wall freezes the gnoll.
You kill the gnoll!
You have reached level 4!
You hit the gnoll.
The gnoll is moderately wounded.
The frozen ramparts melt away.
The gnoll hits you with a +0 spear.
* * * LOW HITPOINT WARNING * * *
A gnoll is nearby!
Casting: Frozen Ramparts (dangerous; 6% risk of failure)
Confirm with . or Enter, or press ? or * to list all spells.
Aiming: Freeze (safe; 1% risk of failure)
Press: ? - help, Shift-Dir - straight line, f - gnoll
Aim: a gnoll, wielding a +0 spear (moderately wounded)
You freeze the gnoll!
The gnoll is severely wounded.
The gnoll hits you with a +0 spear.
You die...

#......##.......#....# #)##
#...............#....# ##..#
....####........#....# #...#
.......#.....#..#....###...#
.......#...................#
.................##..#.#...#
..######.#.......##....#....#
#..............g............#
........##.....#@##...##..#.#
..##...........#......##....#
..............g#......##..###
.............#.#......##..#
.............#g#.###..#
.....##......#g.........
...#####.........##..##.
..)..# ##.......... .g.#
.....####.......#### ...##


You could see a gnoll.

Vanquished Creatures
  An adder (D:2)
  3 gnolls (D:2)
  2 dart slugs
  2 giant cockroaches
  4 hobgoblins
  4 kobolds
  4 ball pythons (D:1)
  2 bats
  4 frilled lizards
  3 goblins
  2 rats
31 creatures vanquished.

Notes
Turn   | Place    | Note
-------+----------+-------------------------------------------
     0 | D:1      | ringo67 the Vampire Ice Elementalist began the quest for
                  | the Orb.
     0 | D:1      | Reached XP level 1. HP: 13/13 MP: 3/3
   421 | D:1      | Reached XP level 2. HP: 17/19 MP: 1/5
   474 | D:1      | Found a faded altar of an unknown god.
  1618 | D:2      | Gained mutation: You are afflicted with vampirism and can
                  | become a bat while bloodless. [Vampire growth]
  1618 | D:2      | Reached XP level 3. HP: 24/24 MP: 4/7
  1622 | D:2      | Learned a level 3 spell: Frozen Ramparts
  1867 | D:2      | Reached XP level 4. HP: 9/30 MP: 3/8
  1868 | D:2      | Slain by a gnoll

Illustrated notes

Levels and vault maps discovered:
D:1:      wheals_arrival_linesprint, layout_basic,
          ebering_ecumenical_altar_sacrificial, serial_aquarium,
          aquarium_bridge_square [aquarium_subvault_window,
          aquarium_subvault_balcony, aquarium_subvault_bridge,
          aquarium_subvault_window], aquarium_window_fake,
          aquarium_window_corner, aquarium_window_1, aquarium_view_2c,
          aquarium_view_2d, minivault_27
D:2:      layout_basic

Skill      XL: |  1  2  3 |
---------------+----------+-----
Spellcasting   | 3 |  3.1
Dodging        | |  2.1
Stealth        | |  3.0
Ice Magic      | |  4.9

Action                     |  1- 3 |  4- 6 || total
---------------------------+-------+-------++-------
  Melee: Unarmed           |    12 |       ||    12
         Rapier            |    51 |     1 ||    52
         Dagger            |     4 |       ||     4
         Bite              |     4 |       ||     4
         Punch             |     1 |       ||     1
   Cast: Freeze            |    21 |     1 ||    22
         Frozen Ramparts   |     3 |       ||     3
   Stab: Sleeping          |     4 |       ||     4
 Armour: Robe              |    12 |       ||    12
  Dodge: Dodged            |    48 |       ||    48
